Map: Prion Terraces

Players

MinChul (MC)

  • Race: Protoss Protoss

LiquidSnute (Snute) - Winner!

  • Race: Zerg Zerg
  • League: Grandmaster

Event: Homestory Cup XII

VOD

Have the link to the VOD?

Description

Time

  • Played on: Dec. 20, 2015, 12:42 p.m.
  • Length: 18:16

All games in this series

Show
View Real Time Build Order
Export as new Build Order

MinChul Protoss 

Build Orders: 1 Gate Expand 

Get SALT Encoding   

  12  0:00  Probe (Chrono Boost)  
  13  0:11  Probe (Chrono Boost)  
  14  0:18  Pylon  
  14  0:22  Probe (Chrono Boost)  
  15  0:37  Probe (Chrono Boost)  
  15  0:39  Gateway  
  16  0:46  Assimilator  
  16  0:47  Probe (Chrono Boost)  
  17  0:58  Probe (Chrono Boost)  
  18  1:08  Probe (Chrono Boost)  
  19  1:21  Nexus  
  19  1:33  Cybernetics Core  
  19  1:34  Probe (Chrono Boost)  
  20  1:41  Assimilator  
  20  1:45  Probe (Chrono Boost)  
  21  1:50  Pylon  
  21  1:55  Probe (Chrono Boost)  
  22  2:06  Probe (Chrono Boost)  
  23  2:09  Adept (Chrono Boost), Warp Gate  
  25  2:17  Probe  
  26  2:23  Twilight Council  
  26  2:29  Probe  
  27  2:33  Adept (Chrono Boost)  
  27  2:34  Probe  
  30  2:41  Probe  
  31  2:45  Probe  
  32  2:53  Probe  
  32  2:55  Probe  
  32  2:57  Resonating Glaives (Chrono Boost)  
  34  3:06  Probe x2  
  34  3:08  Pylon  
  36  3:13  Robotics Facility  
  36  3:17  Sentry  
  38  3:21  Probe  
  38  3:22  Probe  
  40  3:34  Gateway, Pylon  
  40  3:37  Mothership Core  
  40  3:38  Probe  
  43  3:49  Probe  
  43  3:52  Gateway x2  
  44  3:59  Pylon  
  44  4:01  Warp Prism (Chrono Boost)  
  46  4:04  Probe  
  46  4:09  Probe  
  48  4:13  Adept  
  48  4:16  Assimilator  
  48  4:17  Probe, Assimilator  
  51  4:21  Probe  
  52  4:29  Probe  
  52  4:30  Adept  
  55  4:32  Pylon  
  55  4:33  Probe, Observer (Chrono Boost)  
  55  4:35  Adept  
  59  4:41  Probe  
  60  4:45  Probe  
  60  4:52  Observer (Chrono Boost)  
  62  4:53  Probe  
  62  4:57  Adept x4  
  71  5:03  Probe, Pylon  
  71  5:05  Probe  
  73  5:16  Pylon  
  73  5:20  Adept x2  
  77  5:29  Adept x2  
  77  5:31  Immortal (Chrono Boost)  
  83  5:38  Robotics Bay  
  77  5:48  Adept  
  79  5:52  Nexus  
  71  6:03  Sentry x2  
  71  6:04  Sentry  
  73  6:06  Pylon  
  73  6:07  Pylon  
  73  6:09  Pylon  
  73  6:10  Pylon  
  73  6:15  Immortal (Chrono Boost)  
  77  6:28  Sentry x2  
  77  6:29  Adept x2  
  85  6:38  Probe x2, Blink  
  87  6:45  Gateway  
  87  6:46  Gateway  
  87  6:49  Disruptor (Chrono Boost)  
  90  7:02  Probe x2  
  90  7:03  Probe  
  90  7:04  Assimilator  
  90  7:06  Assimilator  
  93  7:13  Probe  
  93  7:14  Probe x2  
  96  7:20  Disruptor (Chrono Boost)  
  99  7:29  Stalker x4, Probe  
  107  7:30  Probe x2  
  107  7:36  Gateway  
  107  7:37  Gateway  
  110  7:38  Pylon  
  110  7:40  Pylon  
  110  7:42  Probe  
  110  7:43  Probe  
  110  7:44  Probe  
  109  7:58  Stalker x4  
  109  7:59  Stalker  
  109  8:02  Stalker  
  121  8:08  Pylon  
  115  8:23  Stalker x5  
  124  8:32  Stalker  
  120  8:46  Stalker  
  120  8:47  Stalker  
  114  8:51  Stalker x6  
  114  8:52  Stalker  
  114  8:53  Warp Prism (Chrono Boost)  
  98  9:07  Stalker  
  98  9:15  Stalker x4  
  98  9:16  Stalker x3  
  115  9:24  Disruptor (Chrono Boost)  
  102  9:39  Mothership Core  
  102  9:43  Stalker x6  
  113  9:51  Adept x2  
  117  9:55  Disruptor (Chrono Boost)  
  117  9:59  Charge  
  114  10:16  Zealot x6  
  114  10:17  Zealot x2  
  130  10:26  Warp Prism (Chrono Boost)  
  132  10:29  Dark Shrine  
  132  10:38  Sentry x2  
  132  10:39  Sentry  
  132  10:41  Nexus  
  138  10:49  Pylon  
  138  10:51  Pylon  
  138  10:55  Forge  
  138  10:57  Disruptor (Chrono Boost)  
  141  11:16  Stalker x5  
  141  11:17  Stalker  
  148  11:28  Stalker x2  
  152  11:33  Probe  
  152  11:34  Disruptor (Chrono Boost)  
  156  11:42  Dark Templar x2  
  156  11:45  Probe  
  161  11:47  Probe, Protoss Ground Weapons Level 1 (Chrono Boost)  
  161  11:48  Probe  
  161  11:51  Pylon  
  161  11:53  Pylon  
  163  11:58  Probe  
  162  12:09  Templar Archives  
  162  12:11  Assimilator  
  162  12:12  Photon Cannon  
  162  12:13  Assimilator  
  160  12:21  Mothership Core  
  154  12:25  Disruptor (Chrono Boost)  
  159  12:42  Zealot x6  
  159  12:43  Zealot x2  
  175  12:51  Photon Cannon  
  175  12:52  Pylon  
  175  12:56  Disruptor (Chrono Boost)  
  175  12:59  Psionic Storm  
  175  13:03  High Templar x3  
  175  13:04  Zealot x2, High Templar  
  175  13:05  Zealot  
  192  13:24  Zealot x2  
  192  13:30  Archon  
  192  13:31  Archon  
  192  13:32  Protoss Ground Weapons Level 2  
  185  13:42  High Templar  
  185  13:43  Zealot x2, High Templar x3  
  196  13:51  Probe  
  196  14:02  Photon Cannon  
  194  14:03  Probe  
  194  14:04  Photon Cannon  
  194  14:05  Probe  
  194  14:06  Photon Cannon x2  
  194  14:08  High Templar x2  
  200  14:19  Photon Cannon  
  200  14:21  Photon Cannon  
  200  14:31  Photon Cannon  
  200  14:32  Photon Cannon  
  200  14:33  Photon Cannon  
  200  14:35  Photon Cannon  
  200  14:53  Photon Cannon  
  200  15:03  Photon Cannon  
  200  15:04  Photon Cannon  
  197  15:13  Zealot  
  193  15:24  Stalker x5  
  175  15:34  High Templar x3  
  167  15:46  Photon Cannon  
  167  15:47  Photon Cannon  
  167  15:48  High Templar x5  
  177  15:53  Archon x2  
  177  15:54  Archon  
  177  16:07  Photon Cannon x2  
  177  16:08  High Templar x3  
  173  16:19  Observer  
  173  16:37  Observer  
  173  16:45  Stalker x6  
  178  16:51  Archon  
  166  16:58  Stalker x2  
  165  17:06  Archon  
  163  17:12  Observer  
  158  17:24  Stalker x4  
  166  17:31  Observer  
  166  17:32  Stalker  
  169  17:42  Stalker  
  168  17:49  Observer  
Show
View Real Time Build Order
Export as new Build Order

LiquidSnute Zerg - Winner!

Build Orders: 3 Hatch before Pool, Lurkers 

Get SALT Encoding   

  12  0:00  Drone  
  13  0:12  Overlord  
  13  0:17  Drone  
  14  0:30  Drone x2  
  14  0:35  Drone  
  17  0:52  Hatchery  
  17  0:55  Drone  
  17  0:58  Drone  
  18  1:21  Drone  
  18  1:24  Hatchery  
  18  1:29  Extractor  
  17  1:35  Spawning Pool  
  17  1:39  Drone  
  17  1:43  Drone  
  17  1:46  Drone  
  19  1:52  Drone  
  20  2:02  Drone  
  20  2:04  Drone  
  22  2:12  Drone  
  23  2:22  Queen  
  25  2:23  Queen  
  27  2:32  Metabolic Boost  
  27  2:37  Zergling x10  
  27  2:40  Zergling x2  
  27  2:44  Zergling x2  
  34  2:48  Overlord x2  
  33  3:06  Drone  
  33  3:07  Drone x3  
  33  3:08  Drone  
  33  3:10  Queen  
  40  3:14  Drone  
  40  3:17  Drone  
  40  3:19  Drone  
  43  3:20  Drone  
  43  3:27  Drone  
  43  3:29  Drone  
  43  3:31  Drone  
  43  3:32  Roach Warren  
  43  3:33  Drone x3, Extractor  
  47  3:36  Drone  
  47  3:39  Overlord  
  47  3:40  Drone  
  49  3:44  Drone  
  50  3:49  Overlord  
  50  3:50  Overlord  
  50  3:53  Overlord  
  50  3:59  Queen  
  50  4:00  Queen  
  50  4:01  Drone  
  55  4:06  Overlord  
  55  4:12  Roach x4  
  55  4:13  Roach  
  65  4:18  Roach  
  65  4:19  Roach x2  
  65  4:21  Roach  
  73  4:25  Roach x2  
  73  4:28  Roach  
  79  4:31  Overlord  
  79  4:34  Roach  
  79  4:35  Roach  
  83  4:40  Roach  
  83  4:41  Overlord  
  83  4:42  Zergling x4  
  83  4:45  Queen  
  89  4:48  Overlord  
  89  4:59  Overlord, Zergling x6  
  96  5:00  Zergling x8  
  96  5:02  Lair  
  96  5:16  Zergling x2  
  96  5:17  Zergling x8  
  101  5:25  Drone x6  
  106  5:31  Drone x4  
  106  5:37  Drone x2  
  106  5:39  Evolution Chamber  
  107  5:45  Drone  
  105  5:56  Drone x3  
  105  5:59  Drone x2  
  101  6:04  Spire  
  101  6:08  Extractor  
  101  6:09  Drone x2, Extractor  
  101  6:10  Drone  
  101  6:11  Drone x2  
  103  6:13  Extractor  
  103  6:15  Extractor  
  103  6:18  Drone x2  
  103  6:22  Queen x3  
  103  6:23  Drone x2  
  103  6:24  Drone  
  112  6:29  Hatchery  
  110  6:40  Drone  
  110  6:45  Drone x3  
  110  6:46  Zerg Missile Weapons Level 1  
  114  6:48  Glial Reconstitution  
  114  6:50  Overlord x3, Hydralisk Den  
  114  6:51  Overlord x2  
  112  7:00  Overlord x2  
  111  7:17  Mutalisk x3  
  111  7:19  Hydralisk x2, Muscular Augments  
  111  7:20  Hydralisk  
  111  7:21  Zergling x2  
  111  7:22  Zergling x14  
  131  7:29  Hydralisk  
  131  7:30  Hydralisk x2, Extractor  
  131  7:33  Overseer  
  131  7:36  Extractor  
  135  7:41  Hydralisk  
  135  7:42  Hydralisk x2  
  140  7:54  Hydralisk x4  
  140  7:56  Overlord x2  
  147  8:04  Hydralisk x3  
  153  8:08  Hydralisk  
  153  8:11  Roach x2  
  153  8:12  Roach  
  161  8:15  Roach  
  161  8:16  Roach x2  
  167  8:20  Roach x4  
  169  8:33  Roach  
  169  8:34  Roach x11  
  167  8:47  Roach  
  167  8:48  Roach x7  
  166  8:50  Roach  
  166  8:51  Roach  
  138  8:59  Roach  
  138  9:00  Roach x2  
  138  9:10  Zerg Missile Weapons Level 2  
  138  9:14  Zergling x2  
  138  9:15  Zergling x8  
  141  9:27  Hatchery  
  141  9:30  Zergling x14  
  147  9:34  Zergling x2  
  147  9:36  Hydralisk  
  128  9:39  Zergling x2  
  128  9:40  Zergling x2  
  128  9:45  Mutalisk  
  128  9:52  Mutalisk x3  
  130  9:56  Zergling x2  
  136  10:04  Hydralisk x4  
  144  10:12  Mutalisk x3  
  150  10:17  Mutalisk  
  150  10:20  Infestation Pit  
  151  10:22  Mutalisk x3  
  157  10:34  Mutalisk  
  157  10:35  Mutalisk x3  
  165  10:44  Ravager x2  
  165  10:45  Ravager  
  165  10:46  Ravager x2  
  165  10:47  Zergling x2  
  165  10:48  Zergling x12  
  165  10:49  Zergling x2  
  178  10:54  Lurker Den  
  178  10:59  Hive  
  178  11:09  Zergling x2  
  178  11:10  Zergling x12  
  185  11:31  Zergling x26  
  198  11:45  Zerg Flyer Weapons Level 1  
  198  12:04  Overseer  
  198  12:05  Overseer x2  
  198  12:06  Overseer  
  198  12:09  Overlord x2  
  195  12:20  Pneumatized Carapace  
  185  12:23  Mutalisk  
  185  12:24  Mutalisk  
  185  12:27  Overlord x2  
  189  12:30  Mutalisk x5  
  197  12:52  Zerg Missile Weapons Level 3  
  197  12:55  Zergling x6  
  183  13:36  Lurker x9  
  192  13:43  Greater Spire  
  192  13:56  Spine Crawler x3  
  192  13:57  Spine Crawler  
  192  13:59  Mutalisk x7, Spine Crawler x2  
  192  14:00  Spine Crawler x2  
  196  14:12  Overseer  
  196  14:27  Mutalisk  
  188  15:22  Corruptor  
  188  15:23  Corruptor x7  
  188  15:26  Corruptor  
  188  15:27  Corruptor x2  
  148  15:55  Brood Lord x2  
  152  15:58  Brood Lord  
  154  16:05  Brood Lord  
  156  16:13  Brood Lord  
  158  16:23  Brood Lord  
  158  16:25  Brood Lord  
  162  16:31  Brood Lord  
  164  16:38  Brood Lord  
  160  16:58  Brood Lord x2  
  154  17:24  Hatchery  
Tags
 
Add a new tag
Caveats
  • Supply blocks, unpowered buildings, or Contaminate may cause inaccurate times.
  • Supply counts are checked every 10 seconds.